 Dungeon Crawl Stone Soup version 0.30.1-9-gdf580d7c3d (webtiles) character file.

Game seed: 14027893686222105959

2840822 monsoonserge the Conqueror (level 27, 199/199 HPs)
             Began as a Gargoyle Earth Elementalist on Oct 10, 2023.
             Was an Initiate of Gozag.
             Escaped with the Orb
             ... and 5 runes on Oct 12, 2023!
             The game lasted 08:24:24 (82408 turns).

monsoonserge the Conqueror (GrEE)                  Turns: 82408, Time: 08:24:25

Health: 199/199    AC: 43    Str: 16    XL:     27
Magic:  41/41      EV: 36    Int: 26    God:    Gozag
Gold:   12390      SH:  0    Dex: 26    Spells: 5/54 levels left

rFire   + + .        a - +8 longbow "Zephyr" {speed, Dex+3 SInv}
rCold   + + +        (shield currently unavailable)
rNeg    + + .        e - +4 skin of Zhor {*Englaciate rC+++ SInv}
rPois   ∞            l - +1 hat "Zeotex" {Str+2 Dex+3 Stlth+}
rElec   +            g - +1 cloak of Starlight {*Dazzle EV+4 Stlth--}
rCorr   +            d - +2 pair of gloves of the Shore {Int+8 Stlth-}
SInv    +            k - +3 pair of mountain boots {steadfast, rC+}
Will    +++..        E - amulet of Nyneub {RegenMP rF++ Str+2 Dex+2}
Stlth   ++           P - ring "Ahiat" {rN+ rCorr Stlth+}
HPRegen 0.53/turn    U - ring "Xexevosm" {rCorr AC+4}
MPRegen 0.67/turn

%: random rage (3%)
@: flying
A: sickness immunity, AC +20, big wings, negative energy resistance 1,
electricity resistance, torment resistance 1, petrification resistance, fangs 1,
horns 1, iridescent scales 1, berserk 1, deformed body, dopey 1, strong-willed
1, weak 1
0: Orb of Zot
}: 5/15 runes: decaying, serpentine, slimy, silver, abyssal
a: Renounce Religion, Potion Petition, Call Merchant, Bribe Branch


You escaped.
You worshipped Gozag.
Gozag was extremely pleased with you.
You visited 14 branches of the dungeon, and saw 58 of its levels.
You visited the Abyss 4 times.
You also visited: Trove, Sewer, Ice Cave and Wizlab.

You collected 42487 gold pieces.
You spent 11382 gold pieces at shops.
You paid 18715 gold pieces to Gozag.

Inventory:

Hand Weapons
 a - the +8 longbow "Zephyr" (weapon) {speed, Dex+3 SInv}
   (You bought it in a shop on level 1 of the Dungeon)

   Dex:       It affects your dexterity (+3).
   SInv:      It lets you see invisible.
 b - the +8 storm bow {elec, penet}
   (You acquired it on level 5 of the Vaults)
Missiles
 c - 2 throwing nets
 w - 21 datura-tipped darts
 H - 16 atropa-tipped darts
 T - 13 curare-tipped darts
Armour
 d - the +2 pair of gloves of the Shore (worn) {Int+8 Stlth-}
   (You bought it in a shop on level 2 of the Orcish Mines)

   Int:       It affects your intelligence (+8).
   Stlth:     It makes you less stealthy.
 e - the +4 skin of Zhor (worn) {*Englaciate rC+++ SInv}
   (You found it in an ice cave)

   *Englaciate: It radiates cold, occasionally slowing all nearby creatures who
   are not resistant to cold.
   rC:        It renders you almost immune to cold.
   SInv:      It lets you see invisible.
 g - the +1 cloak of Starlight (worn) {*Dazzle EV+4 Stlth--}
   (You found it on level 15 of the Dungeon)

   *Dazzle:   It may blind those who miss an attack against the wearer in melee
   combat.
   EV:        It affects your evasion (+4).
   Stlth:     It makes you much less stealthy.
 k - the +3 pair of mountain boots (worn) {steadfast, rC+}
   (You bought it in a shop on level 14 of the Dungeon)

   Steadfast: It prevents involuntary movement, except for blinking,
   teleportation, or banishment.
   rC:        It protects you from cold.
 l - the +1 hat "Zeotex" (worn) {Str+2 Dex+3 Stlth+}
   (You found it in a wizard's laboratory)

   Str:       It affects your strength (+2).
   Dex:       It affects your dexterity (+3).
   Stlth:     It makes you more stealthy.
 L - the +4 faerie dragon scales {rN+ rCorr}
   (You took it off the Enchantress on level 4 of the Depths)

   rN:        It protects you from negative energy.
   rCorr:     It protects you from acid and corrosion.
Jewellery
 E - the amulet of Nyneub (around neck) {RegenMP rF++ Str+2 Dex+2}
   (You bought it in a shop on level 5 of the Dungeon)

   [amulet of magic regeneration]

   It increases your rate of magic regeneration.
   Str:       It affects your strength (+2).
   Dex:       It affects your dexterity (+2).
   rF:        It greatly protects you from fire.
 P - the ring "Ahiat" (left hand) {rN+ rCorr Stlth+}
   (You found it on level 3 of the Crypt)

   [ring of positive energy]

   rN:        It protects you from negative energy.
   rCorr:     It protects you from acid and corrosion.
   Stlth:     It makes you more stealthy.
 U - the ring "Xexevosm" (right hand) {rCorr AC+4}
   (You found it on level 5 of the Pits of Slime)

   [ring of protection]

   AC:        It affects your AC (+4).
   rCorr:     It protects you from acid and corrosion.
 X - the ring "Idauroux" {+Blink rF+++ rC- SInv Stlth-}
   (You found it on level 3 of the Swamp)

   [ring of see invisible]

   rF:        It renders you almost immune to fire.
   rC:        It makes you vulnerable to cold.
   SInv:      It lets you see invisible.
   +Blink:    It lets you blink.
   Stlth:     It makes you less stealthy.
Wands
 r - a wand of digging (23)
 u - a wand of light (32)
 B - a wand of polymorph (34)
 K - a wand of iceblast (46)
 O - a wand of charming (64)
Scrolls
 f - 6 scrolls of enchant armour
 i - 12 scrolls of fog
 m - 13 scrolls of poison
 p - 3 scrolls of silence
 q - 7 scrolls of summoning
 s - 2 scrolls of vulnerability
 t - 2 scrolls of torment
 v - 11 scrolls of amnesia
 x - 7 scrolls of immolation
 y - 26 scrolls of teleportation
 G - 13 scrolls of fear
 Q - 7 scrolls of magic mapping
 R - 8 scrolls of blinking
Potions
 h - 5 potions of brilliance
 j - 13 potions of heal wounds
 o - 12 potions of cancellation
 z - 10 potions of mutation
 A - 23 potions of curing
 D - 14 potions of haste
 I - 8 potions of resistance
 M - 3 potions of magic
 N - 4 potions of invisibility
 S - 9 potions of ambrosia
 W - 13 potions of lignification
Miscellaneous
 n - a box of beasts
 C - a condenser vane
 F - the horn of Geryon
 J - a phial of floods
 V - a lightning rod (4/4)
 Z - a phantom mirror (inert)


   Skills:
 O Level 27 Fighting
 + Level 1.0 Maces & Flails
 + Level 19.3 Ranged Weapons
 - Level 4.0 Throwing
 - Level 8.0 Armour
 + Level 20.1 Dodging
 + Level 11.9 Stealth
 + Level 14.0 Spellcasting
 + Level 1.7 Conjurations
 * Level 14.1 Hexes
 + Level 10.4 Necromancy
 - Level 8.0 Translocations
 + Level 8.8 Transmutations
 + Level 6.4 Air Magic
 - Level 12.0 Earth Magic
 * Level 11.8 Evocations


You had 5 spell levels left.
You knew the following spells:

 Your Spells              Type           Power      Damage    Failure   Level
a - Borgnjor's Vile Clut  Necr/Erth      33%        N/A       1%          5
b - Silence               Hex/Air        32%        N/A       1%          5
c - Leda's Liquefaction   Hex/Erth       36%        N/A       1%          4
d - Petrify               Tmut/Erth      64%        N/A       1%          4
e - Portal Projectile     Hex/Tloc       100%       N/A       1%          3
f - Passage of Golubria   Tloc           56%        N/A       1%          4
g - Yara's Violent Unrav  Hex/Tmut       33%        3d14      1%          5
h - Cause Fear            Hex            37%        N/A       1%          4
i - Blink                 Tloc           100%       N/A       1%          2
j - Enfeeble              Hex            37%        N/A       8%          7
k - Death Channel         Necr           32%        N/A       6%          6

Your spell library contained the following spells:

 Spells                   Type           Power      Damage    Failure   Level
 Slow                     Hex            100%       N/A       0%          1
 Apportation              Tloc           100%       N/A       1%          1
 Kiss of Death            Conj/Necr      100%       2d13      1%          1
 Magic Dart               Conj           100%       1d8       1%          1
 Necrotise                Necr           100%       1d9       1%          1
 Sandblast                Erth           100%       2d20      1%          1
 Shock                    Conj/Air       100%       1d9       1%          1
 Sting                    Tmut/Pois      100%       1d8       1%          1
 Ensorcelled Hibernation  Hex/Ice        100%       N/A       1%          2
 Momentum Strike          Conj/Tloc      86%        3d10      1%          2
 Passwall                 Tmut/Erth      53%        N/A       1%          2
 Poisonous Vapours        Pois/Air       70%        N/A       1%          2
 Static Discharge         Conj/Air       78%        2-6/arc   1%          2
 Confusing Touch          Hex            75%        N/A       1%          3
 Dazzling Flash           Conj/Hex       100%       N/A       1%          3
 Inner Flame              Hex/Fire       53%        N/A       1%          3
 Spider Form              Tmut/Pois      41%        N/A       1%          3
 Stone Arrow              Conj/Erth      100%       3d13      1%          3
 Summon Guardian Golem    Hex/Summ       53%        N/A       1%          3
 Teleport Other           Tloc           56%        N/A       1%          3
 Tukima's Dance           Hex            75%        N/A       1%          3
 Vampiric Draining        Necr           64%        2d10      1%          3
 Vhi's Electric Charge    Tloc/Air       100%       N/A       1%          3
 Volatile Blastmotes      Fire/Tloc      78%        2d16      1%          3
 Airstrike                Air            25%        2d(4-20)  1%          4
 Anguish                  Hex/Necr       35%        N/A       1%          4
 Dispel Undead            Necr           64%        3d22      1%          4
 Fulminant Prism          Conj/Hex       28%        3d14      1%          4
 Manifold Assault         Tloc           56%        N/A       1%          4
 Agony                    Necr           64%        N/A       1%          5
 Lee's Rapid Deconstruct  Erth           34%        3d17*     1%          5
 Ignite Poison            Fire/Tmut/Pois 33%        N/A       2%          3
 Blade Hands              Tmut           29%        N/A       2%          5
 Freeze                   Ice            72%        1d8       3%          1
 Summon Small Mammal      Summ           72%        N/A       3%          1
 Mephitic Cloud           Conj/Pois/Air  32%        N/A       3%          3
 Call Imp                 Summ           36%        N/A       4%          2
 Scorch                   Fire           36%        2d6       4%          2
 Ice Form                 Ice/Tmut       41%        N/A       4%          4
 Iskenderun's Mystic Bla  Conj/Tloc      43%        2d10      4%          4
 Metabolic Englaciation   Hex/Ice        26%        N/A       4%          5
 Hailstorm                Conj/Ice       22%        3d7       6%          3
 Summon Lightning Spire   Summ/Air       35%        N/A       8%          4
 Call Canine Familiar     Summ           18%        N/A       9%          3
 Frozen Ramparts          Ice            36%        1d6       9%          3
 Ozocubu's Armour         Ice            18%        N/A       9%          3
 Irradiate                Conj/Tmut      22%        3d19      10%         5
 Alistair's Intoxication  Tmut/Pois      27%        N/A       14%         5
 Arcjolt                  Conj/Air       19%        1d29      16%         5
 Flame Wave               Conj/Fire      22%        2d8       22%         4
 Sticky Flame             Conj/Fire      22%        2d4       22%         4
 Freezing Cloud           Conj/Ice/Air   16%        6-21      26%         5
 Olgreb's Toxic Radiance  Pois           18%        N/A       30%         4
 Summon Ice Beast         Ice/Summ       18%        N/A       30%         4
 Iskenderun's Battlesphe  Conj           27%        2d8       38%         5
 Fireball                 Conj/Fire      11%        3d7       52%         5
 Dispersal                Tloc           28%        N/A       17%         6
 Discord                  Hex            37%        N/A       52%         8
 Dragon Form              Tmut           29%        N/A       56%         7
 Eringya's Noxious Bog    Tmut/Pois      20%        N/A       58%         6
 Storm Form               Tmut/Air       27%        N/A       73%         7
 Plasma Beam              Fire/Air       17%        2x1d32    77%         6
 Infestation              Necr           32%        N/A       95%         8
 Starburst                Conj/Fire      11%        6d5       97%         6
 Haunt                    Necr/Summ      22%        N/A       97%         7
 Summon Cactus Giant      Summ           9%         N/A       99%         6
 Malign Gateway           Summ/Tloc      19%        N/A       99%         7
 Ozocubu's Refrigeration  Ice            9%         4d9       100%        7
 Disjunction              Tloc           28%        N/A       100%        8
 Ignition                 Fire           9%         3d5       100%        8
 Lehudib's Crystal Spear  Conj/Erth      26%        10d7      100%        8
 Maxwell's Capacitive Co  Air            25%        ∞         100%        8
 Summon Horrible Things   Summ           9%         N/A       100%        8
 Dragon's Call            Summ           9%         N/A       100%        9
 Cigotuvi's Dreadful Rot  Necr/Pois/Air  Unusable   N/A       N/A         2
 Sublimation of Blood     Necr           Unusable   N/A       N/A         2
 Animate Dead             Necr           Unusable   N/A       N/A         4
 Statue Form              Tmut/Erth      Unusable   N/A       N/A         6
 Simulacrum               Ice/Necr       Unusable   N/A       N/A         6

Dungeon Overview and Level Annotations

Branches:
Dungeon (15/15)            Temple (1/1) D:6            Lair (5/5) D:9
  Swamp (4/4) Lair:2        Snake (4/4) Lair:3        Slime (5/5) Lair:4
    Orc (2/2) D:12            Elf (3/3) Orc:2        Vaults (5/5) D:14
  Crypt (3/3) Vaults:2       Tomb (1/3) Crypt:3      Depths (4/4) D:15
   Hell (visited)             Dis (0/7) Hell            Geh (0/7) Hell
    Coc (0/7) Hell            Tar (0/7) Hell            Zot (5/5) Depths:4
  Sewer (visited)           IceCv (visited)          WizLab (visited)

Altars:
Ashenzari
Dithmenos
Gozag
Hepliaklqana
Kikubaaqudgha
Makhleb
Okawaru
Qazlal
Ru
Sif Muna
Uskayaw
Vehumet
Xom
Yredelemnul
The Shining One
Jiyva
Lugonu

Shops:
D:1 (   D:2 [   D:4 (   D:5 ?(*=   D:9 =   D:12 [?[   D:14 *[=[[   D:15 *
Orc:2 (*=[   Elf:1 :   Elf:3 :=:   Snake:1 (   Snake:2 (   Snake:3 [
Vaults:2 *   Vaults:3 !   Depths:1 (

Portals:
Hell: Lair:5 Depths:1 Depths:2 Depths:3 Depths:4
Abyss: Depths:3 Depths:4
Pandemonium: Depths:2
Ziggurat: Depths:1

Annotations:
D:14 Boris


Innate Abilities, Weirdness & Mutations

You are immune to sickness and miasma.
Your stone body is resilient. (AC +20)
You are immune to poison.
Your large and strong wings let you fly.
You resist negative energy. (rN+)
You are resistant to electric shocks. (rElec)
You are resistant to unholy torment.
You are immune to petrification.
You have very sharp teeth.
You have a pair of small horns on your head.
You are partially covered in iridescent scales. (AC +2)
You sometimes lose your temper in combat.
Armour fits poorly on your strangely shaped body.
You are dopey. (Int -2)
You are strong-willed. (Will+)
You are weak. (Str -2)


Message History

You shoot an arrow. The arrow hits the tormentor!!
You kill the tormentor!
There is a stone staircase leading up here.
You now have 12377 gold pieces (gained 7).
There are no items here.
There is a stone staircase leading up here.
You fly upwards.
There is a stone staircase leading down here.
An Orb Guardian comes into view.
Aiming: Charm
Press: ? - help, Shift-Dir - straight line, f - Orb Guardian
Aim: an Orb Guardian (chance to affect: 4%)
Okay, then.
You shoot an arrow. The arrow hits the Orb Guardian!!
The Orb Guardian is heavily wounded.
You shoot an arrow. The arrow hits the Orb Guardian!
The Orb Guardian is heavily wounded.
You shoot an arrow. The arrow hits the Orb Guardian!!
The Orb Guardian is almost dead.
You shoot an arrow. The arrow hits the Orb Guardian!!!
You kill the Orb Guardian!
No target in view!
You see here a +0 giant club.
You now have 12390 gold pieces (gained 13).
There are no items here.
There is a stone staircase leading up here.
You fly upwards.
There is a stone staircase leading down here.
There is a stone staircase leading up here.
You fly upwards.
There is a stone staircase leading down here.
There is a stone staircase leading up here.
You fly upwards.
There is a stone staircase leading down here.
There is an open door here.
There is a stone staircase leading up here.
You fly upwards.
There is a stone staircase leading down here.
There is a staircase leading out of the dungeon here.
You have escaped!

# ####.......#.#### ##...## #
########..# #...... #
#############..#########....## ##
#.....§..§................#.##
.###.≈§§§≈.≈≈≈≈≈.≈≈≈≈§.≈§§≈≈...##
......≈≈§§..§§≈...≈§§...≈§≈......
.###...≈.....§§...§≈.....≈.......
## #....§≈§≈≈.......§≈≈≈≈§.....#.
#(....≈≈≈....@....≈≈≈.........
##.....≈......§.§..≈........#.
##.....≈≈≈≈§.§§≈≈≈...........
##.....≈≈≈...≈≈≈............
##.....≈.§§§.§........##.#.
##.....≈§§§≈.....##..#..#.
##.....§≈§.....###.......
##....§§§.....# #.......
##...........# #.......


There were no monsters in sight!

Vanquished Creatures
  the Royal Jelly (Slime:5)
  A dread lich (Hell)
  3 orbs of fire
  Mara (Vaults:5)
  An ancient lich (Zot:5)
  3 juggernauts
  4 royal mummies (Tomb:1)
  Parghit (Zot:2)
  A Killer Klown (Zot:5)
  Frederick (Vaults:4)
  Boris (twice) (Vaults:4 Crypt:3)
  Bai Suzhen (Swamp:3)
  Saint Roka (Orc:2)
  Margery (Crypt:1)
  3 curse toes
  Vashnia (Snake:4)
  A caustic shrike (Depths:1)
  4 golden dragons
  Geryon (Hell)
  the Enchantress (Depths:4)
  A profane servitor (Crypt:3)
  An electric golem (Zot:5)
  A hellephant (Hell)
  9 tentacled monstrosities
  3 liches
  3 titans
  9 Orb Guardians
  Asterion (Vaults:2)
  2 walking earthen tomes
  3 quicksilver dragons
  A walking divine tome (WizLab)
  21 acid blobs
  2 deep elf blademasters (Elf:3)
  2 deep elf master archers (Elf:3)
  6 sphinxes
  3 death cobs
  A thorn hunter (Swamp:4)
  14 ancient champions
  15 storm dragons
  9 tengu reavers
  14 shadow dragons
  8 rockslimes
  13 azure jellies
  Roxanne (Swamp:1)
  Donald (Elf:2)
  5 revenants
  10 fire giants
  A strange machine (WizLab)
  6 nagarajas (Snake:4)
  The ghost of jpeg9000 the Fighter, a journeyman DjFE of Ashenzari (Lair:5)
  7 deep elf sorcerers
  9 frost giants
  14 vault wardens
  3 draconian knights
  A ghost moth (Zot:4)
  2 draconian monks (Zot:1)
  4 draconian scorchers
  A caustic shrike zombie (Tomb:1)
  A juggernaut zombie (Hell)
  4 draconian shifters
  4 ghouls (Crypt:3)
  5 draconian stormcallers
  An orc warlord (Vaults:2)
  Louise (D:14)
  9 ironbound thunderhulks
  4 draconian annihilators
  18 ironbound preservers
  2 caustic shrike skeletons
  A deep elf elementalist (Elf:3)
  3 curse skulls
  8 quicksilver oozes
  11 vampire knights
  5 reapers
  2 war gargoyles
  21 stone giants
  25 very ugly things
  3 spriggan defenders (Depths:4)
  8 green draconians
  The ghost of ZLogic the Unseen, a journeyman SpEn of Kikubaaqudgha (D:15)
  3 bunyips
  5 deep elf demonologists
  2 lorocyprocas
  10 deep elf annihilators
  8 black draconians
  9 eleionomae
  13 dire elephants
  Nessos (D:14)
  6 purple draconians
  4 spark wasps
  7 white draconians
  13 red draconians
  10 yellow draconians
  13 ettins
  A blizzard demon (D:8)
  5 deep elf death magi
  3 eidola
  3 iron golems
  Snorg (Orc:1)
  A crystal guardian (Hell)
  A merfolk impaler (Depths:4)
  10 mummy priests
  A merfolk javelineer (Depths:2)
  11 yaktaur captains
  An entropy weaver (Vaults:3)
  6 jiangshi
  A shambling mangrove (Swamp:3)
  4 deep elf high priests
  9 fire dragons
  A fenstrider witch zombie (Crypt:1)
  10 great orbs of eyes
  Josephine (Orc:1)
  2 salamander tyrants
  9 rakshasas
  13 ice dragons
  19 hydras
  28 vault guards
  2 spriggan zombies
  2 peacekeepers
  3 ghost crabs
  5 ogre magi
  5 ironbound frosthearts
  5 spriggan air magi
  A hell beast (Crypt:1)
  2 spriggan skeletons (Crypt:3)
  4 boulder beetles
  A hydra (shapeshifter) (Vaults:5)
  The ghost of bairyn the Eclecticist, a journeyman DESu of Cheibriados (Orc:2)
  11 centaur warriors
  19 naga warriors
  An Orb Guardian zombie (Crypt:3)
  12 anacondas
  2 catoblepae
  10 death scarabs (Tomb:1)
  4 two-headed ogres
  3 hell hogs (Abyss:3)
  11 deep troll earth magi
  6 death knights
  A stoker (Hell)
  14 alligators
  9 death yaks
  3 deep troll shamans
  15 naga sharpshooters
  Urug (Lair:2)
  5 spriggan berserkers
  6 vampire magi
  2 thrashing horrors (Abyss:2)
  44 dancing weapons
  16 hell knights
  5 tengu warriors
  2 titan zombies (Hell)
  2 orc high priests
  6 soul eaters
  3 sun demons (Hell)
  4 shock serpents
  27 deep elf knights
  17 spriggans
  Nergalle (Orc:1)
  A storm dragon zombie (Hell)
  2 skysharks (Lair:4)
  A crystal echidna (Hell)
  2 titan skeletons
  2 sixfirhies
  A bunyip zombie (Crypt:1)
  A golden dragon zombie (Hell)
  5 glowing orange brains
  5 iron trolls
  34 skeletal warriors
  6 goliath frogs
  5 shadow wraiths (Crypt:3)
  9 spriggan druids
  Lodul (D:13)
  2 salamander mystics (Snake:4)
  A spatial maelstrom (Abyss:3)
  13 swamp dragons
  6 bog bodies
  12 ironbound convokers
  77 deep trolls
  A death drake (shapeshifter) (Depths:2)
  A swamp dragon (shapeshifter) (Elf:1)
  An orange crystal statue (Hell)
  10 flayed ghosts
  A shadow demon (D:14)
  A tengu zombie (Hell)
  An anaconda skeleton (Hell)
  8 lindwurms
  7 wizards
  10 deep elf archers
  A harpy (Vaults:3)
  9 naga ritualists
  34 deep elf zephyrmancers
  25 deep elf pyromancers
  10 necromancers
  8 orc knights
  A fire giant zombie (Hell)
  3 orc sorcerers
  4 phantasmal warriors
  A wolf spider (D:15)
  2 stone giant zombies
  A will-o-the-wisp (Swamp:4)
  6 shining eyes
  A sphinx skeleton (Crypt:1)
  13 mana vipers
  7 cyclopes
  41 ugly things
  13 salamanders
  A tengu skeleton (Vaults:1)
  2 frost giant zombies (Hell)
  26 moths of wrath
  A manticore (D:13)
  9 elephants
  4 guardian serpents
  A frost giant skeleton (Crypt:2)
  5 naga zombies
  38 black mambas
  2 demonic crawlers (Elf:1)
  2 rust devils
  9 vault sentinels
  7 orange demons
  3 gargoyles
  3 torpor snails
  3 eyes of devastation
  A death yak zombie (Crypt:3)
  2 ice statues
  16 naga magi
  5 smoke demons
  A kobold demonologist (D:11)
  A komodo dragon (shapeshifter) (Elf:2)
  13 cane toads
  38 yaktaurs
  A hellion (Crypt:1)
  13 rime drakes
  14 komodo dragons
  An efreet (Zot:2)
  A swamp worm zombie (Crypt:2)
  16 guardian mummies
  5 red devils
  A tormentor (D:6)
  9 freezing wraiths
  A catoblepas skeleton (Crypt:1)
  An ice devil (Hell)
  2 tengu conjurers
  2 sea snake skeletons (Hell)
  3 harpy zombies
  A mana viper zombie (Crypt:1)
  2 hydra zombies
  10 trolls
  2 hellwings (D:9)
  A merfolk (D:15)
  7 tyrant leeches
  11 hornets
  5 large abominations (Abyss:3)
  5 polar bears
  A raiju (Abyss:3)
  A tarantella (D:14)
  2 small abominations (Abyss:2)
  21 blink frogs
  171 slime creatures
  An alligator zombie (Hell)
  3 dream sheep (Lair:5)
  2 ettin zombies
  A human simulacrum (Vaults:1)
  6 flying skulls (Crypt:1)
  A shadow (D:11)
  A slime creature (shapeshifter) (Depths:3)
  3 elf skeletons
  4 air elementals
  4 wyverns
  2 vampires (D:12)
  A ynoxinul (D:9)
  A satyr skeleton (Crypt:2)
  12 wraiths
  A wind drake zombie (Crypt:3)
  6 ushabtiu
  11 water elementals
  3 black mamba zombies
  An elf simulacrum (Vaults:1)
  7 humans (D:14)
  8 basilisks
  49 yaks
  12 golden eyes
  2 neqoxecs
  14 vampire mosquitoes
  A steam dragon (D:9)
  21 fire elementals
  2 redbacks (D:14)
  36 nagas
  24 swamp worms
  7 wargs
  A spatial vortex (Abyss:3)
  A water nymph skeleton (Crypt:2)
  An entropy weaver zombie (Crypt:2)
  4 floating eyes
  6 hell hounds
  2 hydra simulacra (Hell)
  23 water moccasins
  A water moccasin (shapeshifter) (Depths:4)
  5 swamp drakes
  39 orc warriors
  2 sky beasts (D:7)
  An ice beast (D:5)
  4 black bears
  A cane toad skeleton (Crypt:3)
  An ettin simulacrum (Depths:1)
  5 centaurs
  18 ogres
  13 wolves
  5 boggarts (D:14)
  A centaur (shapeshifter) (Elf:1)
  20 kobold brigands
  9 bullfrogs
  3 necrophages (Crypt:3)
  4 earth elementals
  4 scorpions
  5 wights (D:9)
  A raiju zombie (Crypt:2)
  16 killer bees
  A queen bee zombie (Crypt:2)
  8 howler monkeys
  A polar bear skeleton (Crypt:1)
  4 electric eels
  3 lava snakes (Lair:3)
  3 jellies
  A hound (D:6)
  A quasit (D:9)
  A bullfrog zombie (Crypt:1)
  5 human zombies
  27 orc priests
  2 gnoll boudas
  9 iron imps (Crypt:1)
  An iguana (D:4)
  Ijyb (D:5)
  A sleepcap (D:7)
  30 orc wizards
  16 hell rats
  4 human skeletons
  13 mummies
  6 adders
  9 gnolls
  2 river rats (D:9)
  2 white imps
  4 ufetubi
  An adder zombie (Crypt:3)
  4 worms
  2 dart slugs (D:3)
  85 orcs
  7 endoplasms
  A giant cockroach (D:1)
  6 goblins
  6 hobgoblins
  4 jackals
  5 quokkas
  4 ball pythons
  A ball python skeleton (Crypt:3)
  8 bats
  A dart slug zombie (Crypt:1)
  2 frilled lizards
  A gnoll zombie (Crypt:2)
  A goblin skeleton (Crypt:2)
  13 kobolds
  5 rats
  A creeping inferno (Hell)
  8 fire vortices (Hell)
  2 spectral weapons (Vaults:2)
2592 creatures vanquished.

Vanquished Creatures (collateral kills)
  Sojobo (Vaults:5)
  A Killer Klown (Zot:5)
  A tentacled monstrosity (Zot:2)
  11 Orb Guardians (Zot:5)
  4 titans (Vaults:5)
  A death cob (Zot:1)
  A tengu reaver (Vaults:5)
  3 storm dragons
  2 vault wardens (Vaults:5)
  2 ghost moths
  A draconian knight (Zot:3)
  3 draconian stormcallers
  2 draconian annihilators
  A deep elf demonologist (Vaults:5)
  A black draconian (Zot:2)
  A green draconian (Zot:2)
  2 red draconians (Zot:2)
  A purple draconian (Zot:3)
  3 white draconians
  A yellow draconian (Zot:4)
  An ettin (Vaults:5)
  2 deep elf death magi (Vaults:5)
  A yaktaur captain (Vaults:5)
  2 deep elf high priests (Vaults:5)
  A vault guard (Vaults:5)
  A deep elf knight (Vaults:5)
  A shadow wraith (Vaults:5)
  A tengu zombie (Hell)
  A deep elf zephyrmancer (Vaults:5)
  A stone giant zombie (Hell)
  2 moths of wrath (Zot:4)
  An eye of devastation (shapeshifter) (Vaults:5)
  A smoke demon (Hell)
  A freezing wraith (Vaults:5)
  2 fire elementals (Zot:2)
  An orc (Vaults:5)
63 creatures vanquished.

Vanquished Creatures (others)
  An ancient lich (Zot:5)
  2 titans (Vaults:5)
  3 Orb Guardians (Zot:5)
  4 tengu reavers (Vaults:5)
  2 draconian knights (Zot:2)
  A deep elf sorcerer (Vaults:5)
  A stone giant (Vaults:5)
  An ettin (Vaults:5)
  A yaktaur captain (Vaults:5)
  4 vault guards
  An ogre mage (Vaults:5)
  An ironbound convoker (Vaults:5)
  A deep elf zephyrmancer (Elf:3)
  A freezing wraith (Crypt:1)
  3 bloated husks
  A ynoxinul (Zot:5)
  2 humans (D:14)
  A naga (Snake:4)
  A swamp drake (Swamp:4)
  2 starspawn tentacles (Abyss:3)
34 creatures vanquished.

Grand Total: 2689 creatures vanquished

Notes
Turn   | Place    | Note
-------+----------+-------------------------------------------
     0 | D:1      | monsoonserge the Gargoyle Earth Elementalist began the
                  | quest for the Orb.
     0 | D:1      | Reached XP level 1. HP: 10/10 MP: 3/3
   195 | D:1      | Reached XP level 2. HP: 15/15 MP: 3/5
   417 | D:1      | Found Goatwuam's Weapon Shoppe.
   623 | D:1      | Reached XP level 3. HP: 19/19 MP: 3/6
   763 | D:2      | Found a faded altar of an unknown god.
   770 | D:2      | Got Plato's Elucidation of Ouranomancy
   934 | D:2      | Learned a level 3 spell: Stone Arrow
   947 | D:2      | Found Genowa's Antique Armour Shop.
  1798 | D:3      | Found a glowing drain.
  1801 | D:3      | Reached skill level 1 in Armour
  1801 | D:3      | Reached XP level 4. HP: 24/24 MP: 4/7
  1809 | Sewer    | Entered a sewer
  1887 | Sewer    | Noticed a water moccasin
  1895 | Sewer    | Killed a water moccasin
  1896 | Sewer    | Reached skill level 1 in Conjurations
  1896 | Sewer    | Reached skill level 5 in Earth Magic
  1896 | Sewer    | Reached XP level 5. HP: 2/28 MP: 3/8
  2323 | D:3      | Noticed a kobold brigand
  2327 | D:3      | Killed a kobold brigand
  2328 | D:3      | Reached XP level 6. HP: 31/32 MP: 5/10
  2645 | D:3      | Identified a scroll of acquirement
  2646 | D:3      | Acquired 746 gold pieces
  2711 | D:2      | Bought a dazzling cloak for 209 gold pieces
  2711 | D:2      | Identified the +2 cloak of the Worm {Dex+4} (You bought it
                  | in a shop on level 2 of the Dungeon)
  2782 | D:4      | Found Veyseyxt's Antique Weapon Shoppe.
  2860 | D:4      | Noticed a black bear
  2868 | D:4      | Killed a black bear
  3052 | D:4      | Reached XP level 7. HP: 37/37 MP: 8/11
  3122 | D:4      | Reached skill level 1 in Fighting
  3122 | D:4      | Reached skill level 1 in Maces & Flails
  3239 | D:4      | Found an iron altar of Okawaru.
  3708 | D:5      | Entered Level 5 of the Dungeon
  3717 | D:5      | Reached skill level 5 in Armour
  3837 | D:5      | Noticed Ijyb
  3849 | D:5      | Killed Ijyb
  3908 | D:5      | Found Waakliyph's Magic Scroll Shoppe.
  3910 | D:5      | Found Narghub's Weapon Boutique.
  3913 | D:5      | Found Kadocak's Jewellery Boutique.
  3913 | D:5      | Found Begaf's Assorted Antiques.
  4070 | D:5      | Found an opulent altar of Gozag.
  4202 | D:5      | Became a worshipper of Gozag Ym Sagoz the Greedy
  4222 | D:5      | Reached XP level 8. HP: 44/44 MP: 9/12
  4230 | D:5      | Reached skill level 2 in Fighting
  4351 | D:5      | Identified the +0 robe "Zoaru" {MP+9}
  4494 | D:6      | Reached skill level 1 in Ranged Weapons
  4984 | D:6      | Identified the +1 ring mail of Valour {Rampage Int+4}
  5032 | D:6      | Reached skill level 3 in Fighting
  5379 | D:1      | Bought the +8 longbow "Zephyr" {speed, Dex+3 SInv} for 924
                  | gold pieces
  5379 | D:1      | Found the +8 longbow "Zephyr" {speed, Dex+3 SInv}
  5716 | D:5      | Bought a scroll of teleportation for 33 gold pieces
  5801 | D:6      | Found a staircase to the Ecumenical Temple.
  5806 | Temple   | Entered the Ecumenical Temple
  5869 | D:6      | Reached XP level 9. HP: 49/51 MP: 13/13
  6004 | D:7      | Reached skill level 5 in Ranged Weapons
  6513 | D:7      | Acquired 695 gold pieces
  6621 | D:5      | Bought the amulet of Nyneub {RegenMP rF++ Str+2 Dex+2} for
                  | 691 gold pieces
  6636 | D:5      | Bought a scroll labelled AROIRCH YMYDELO for 33 gold pieces
  6640 | D:5      | Bought a scroll of summoning for 104 gold pieces
  6640 | D:5      | Bought a scroll of fog for 44 gold pieces
  7070 | D:7      | Learned a level 4 spell: Leda's Liquefaction
  7220 | D:7      | Identified the ring "Wyfottirr" {Fly MP+9 Str+2}
  7762 | D:8      | Reached skill level 1 in Hexes
  7806 | D:8      | Reached XP level 10. HP: 52/56 MP: 14/14
  7815 | D:8      | Reached skill level 4 in Fighting
  8215 | D:9      | Noticed a death yak
  8231 | D:8      | Killed a death yak
  8254 | D:9      | Noticed a death yak
  8321 | D:8      | Reached skill level 10 in Ranged Weapons
  8443 | D:9      | Noticed an orange demon
  8451 | D:9      | Killed an orange demon
  8636 | D:9      | Noticed a death yak
  8658 | D:9      | Noticed an orange demon
  8659 | D:9      | Killed a death yak
  8660 | D:9      | Reached XP level 11. HP: 23/62 MP: 15/15
  8822 | D:8      | Learned a level 4 spell: Petrify
  8877 | D:9      | Reached skill level 1 in Transmutations
  8923 | D:9      | Reached skill level 5 in Fighting
  9112 | D:9      | Found a staircase to the Lair.
  9179 | D:9      | Killed a death yak
  9205 | D:9      | Learned a level 3 spell: Portal Projectile
  9411 | D:9      | Reached skill level 1 in Translocations
  9672 | D:10     | Entered Level 10 of the Dungeon
 10150 | D:10     | Noticed a two-headed ogre
 10157 | D:10     | Killed a two-headed ogre
 10402 | D:10     | Found a sacrificial altar of Ru.
 10676 | D:11     | Noticed a cyclops
 10688 | D:11     | Killed a cyclops
 10689 | D:11     | Reached XP level 12. HP: 69/69 MP: 16/16
 11263 | D:11     | Identified the +0 short sword "Bugumuz" {flame, Fragile
                  | rElec rC+}
 11276 | D:11     | Reached skill level 6 in Fighting
 11498 | D:12     | Found a broken altar of Ashenzari.
 11687 | D:12     | Noticed a boulder beetle
 11707 | D:12     | Killed a boulder beetle
 12423 | D:12     | Found a staircase to the Orcish Mines.
 12653 | Lair:1   | Entered Level 1 of the Lair of Beasts
 12835 | Lair:1   | Reached skill level 15 in Ranged Weapons
 12835 | Lair:1   | Reached skill level 5 in Hexes
 12857 | Lair:1   | Reached XP level 13. HP: 53/76 MP: 19/19
 14180 | Lair:2   | Noticed Urug
 14188 | Lair:2   | Killed Urug
 14189 | Lair:2   | Reached skill level 7 in Fighting
 14288 | Lair:2   | Found a staircase to the Swamp.
 14631 | Lair:3   | Identified the +5 long sword of Patterns {heavy, Dex+5}
 15580 | Lair:3   | Found a staircase to the Snake Pit.
 16060 | Lair:4   | Found a staircase to the Slime Pits.
 16267 | Lair:4   | Gained mutation: Your large and strong wings let you fly.
                  | [Gargoyle growth]
 16267 | Lair:4   | Reached XP level 14. HP: 30/83 MP: 18/20
 16285 | Lair:4   | Reached skill level 8 in Fighting
 16582 | D:2      | Bought shiny steam dragon scales for 946 gold pieces
 16595 | D:2      | Bought a shiny ring mail for 154 gold pieces
 16595 | D:2      | Bought a dyed leather armour for 110 gold pieces
 17001 | Lair:4   | Found a hazy altar of Hepliaklqana.
 17623 | Lair:5   | Entered Level 5 of the Lair of Beasts
 17744 | Lair:5   | Found a runed translucent gate.
 17744 | Lair:5   | Found a runed translucent gate.
 17744 | Lair:5   | Found a runed translucent gate.
 17744 | Lair:5   | Noticed an acid blob
 17744 | Lair:5   | Noticed an acid blob
 17744 | Lair:5   | Noticed an acid blob
 17744 | Lair:5   | Noticed a rockslime
 17744 | Lair:5   | Noticed an acid blob
 17745 | Lair:5   | Noticed an azure jelly
 17745 | Lair:5   | Noticed jpeg9000's ghost (journeyman DjFE)
 17745 | Lair:5   | Noticed an acid blob
 17745 | Lair:5   | Noticed an azure jelly
 17745 | Lair:5   | Noticed an acid blob
 17746 | Lair:5   | Found a viscous altar of Jiyva.
 18257 | Lair:5   | Reached skill level 1 in Evocations
 18404 | Abyss:2  | Cast into level 2 of the Abyss (a wizard)
 18423 | Lair:5   | Escaped the Abyss
 18433 | Lair:5   | Found a burning altar of Makhleb.
 18543 | Lair:5   | Found a gateway to Hell.
 18551 | Lair:5   | Identified the +0 chain mail of Cusores {rF+ Str+3}
 18590 | Lair:5   | Noticed a dire elephant
 18601 | Lair:5   | Killed a dire elephant
 18602 | Lair:5   | Reached skill level 5 in Spellcasting
 19456 | Orc:1    | Entered Level 1 of the Orcish Mines
 19651 | Orc:1    | Noticed Snorg
 19659 | Orc:1    | Killed Snorg
 19676 | Orc:1    | Noticed Nergalle
 19689 | Orc:1    | Killed Nergalle
 19719 | Orc:1    | Reached skill level 5 in Transmutations
 19824 | Orc:1    | Reached skill level 9 in Fighting
 19922 | Orc:1    | Noticed Josephine
 19932 | Orc:1    | Killed Josephine
 19933 | Orc:1    | Reached XP level 15. HP: 90/90 MP: 22/22
 19983 | Orc:1    | Found a frozen archway.
 20020 | IceCv    | Entered an ice cave
 20202 | IceCv    | Noticed a frost giant
 20229 | IceCv    | Killed a frost giant
 20230 | IceCv    | Reached skill level 10 in Fighting
 20230 | IceCv    | Reached skill level 5 in Stealth
 20304 | IceCv    | Found the +4 skin of Zhor {*Englaciate rC+++ SInv}
 21029 | Orc:2    | Entered Level 2 of the Orcish Mines
 21134 | Orc:2    | Reached skill level 11 in Fighting
 21157 | Orc:2    | Noticed Saint Roka
 21188 | Orc:2    | Killed Saint Roka
 21440 | Orc:2    | Found Hatonnan's Antique Armour Shop.
 21459 | Orc:2    | Found Jalirav's General Store.
 21473 | Orc:2    | Paralysed by an orc sorcerer for 2 turns
 21504 | Orc:2    | Found Ytum Kaety's Antique Weapon Shop.
 21542 | Orc:2    | Found Akihe's Jewellery Shop.
 21623 | Orc:2    | Bought a pair of scorched gloves for 218 gold pieces
 21623 | Orc:2    | Identified the +2 pair of gloves of the Shore {Int+8
                  | Stlth-} (You bought it in a shop on level 2 of the Orcish
                  | Mines)
 21680 | Orc:2    | Bought a scroll of noise for 15 gold pieces
 21806 | Orc:2    | Found a runed translucent door.
 21806 | Orc:2    | Found a shimmering altar of Xom.
 21806 | Orc:2    | Noticed bairyn's ghost (journeyman DESu)
 22015 | Orc:2    | Found a staircase to the Elven Halls.
 22245 | Orc:2    | Bought a pair of glowing boots for 172 gold pieces
 22320 | Orc:2    | Killed bairyn's ghost
 22330 | Orc:2    | Identified the +7 shortbow "Vampapet" {freeze, rF+ Dex+2}
 22603 | D:12     | Bought a dazzling leather armour for 280 gold pieces
 22603 | D:12     | Identified the +0 leather armour of Words of Power {rPois
                  | Dex+2 Stlth+} (You bought it in a shop on level 12 of the
                  | Dungeon)
 22610 | D:12     | Bought a scroll of acquirement for 936 gold pieces
 22616 | D:12     | Acquired 916 gold pieces
 22640 | D:13     | Reached skill level 12 in Fighting
 22670 | D:13     | Noticed Lodul
 22683 | D:13     | Killed Lodul
 22692 | D:13     | Reached skill level 5 in Evocations
 22750 | D:13     | Found a portal to a secret trove of treasure.
 22822 | D:12     | Bought 3 scrolls of acquirement for 2808 gold pieces
 22826 | D:12     | Acquired 1231 gold pieces
 22828 | D:12     | Acquired 941 gold pieces
 22830 | D:12     | Acquired 519 gold pieces
 22841 | D:12     | Bought a pair of polished boots for 342 gold pieces
 22841 | D:12     | Identified the +1 pair of boots of Compression {rC+} (You
                  | bought it in a shop on level 12 of the Dungeon)
 22856 | D:12     | Bought a pair of twisted boots for 342 gold pieces
 22856 | D:12     | Identified the +0 pair of boots "Vayxomot" {rC+} (You
                  | bought it in a shop on level 12 of the Dungeon)
 22863 | D:12     | Bought a faintly humming scale mail for 324 gold pieces
 22863 | D:12     | Identified the +1 scale mail of Veibev {rPois rN+ rCorr
                  | Dex+3} (You bought it in a shop on level 12 of the Dungeon)
 22868 | D:12     | Bought a shiny helmet for 270 gold pieces
 23061 | Snake:1  | Entered Level 1 of the Snake Pit
 23488 | Snake:1  | Reached skill level 5 in Dodging
 23649 | Snake:1  | You are sucked into a shaft and drop 1 floor!
 23684 | Snake:2  | Reached skill level 13 in Fighting
 23960 | Snake:2  | Reached XP level 16. HP: 104/104 MP: 23/23
 24152 | Snake:1  | Got Xyuckank's Discursus on the Adder and the Xenotype
 24418 | Snake:1  | Found Bomoc's Antique Weapon Shop.
 24832 | Snake:2  | Found Ilurani's Weapon Emporium.
 24968 | Snake:2  | Reached skill level 14 in Fighting
 25424 | Snake:3  | Found Xyshrex's Antique Armour Boutique.
 25437 | Snake:3  | Bought a faintly humming chain mail for 342 gold pieces
 25437 | Snake:3  | Identified the +0 chain mail "Neos" {rN+ Str+3} (You bought
                  | it in a shop on level 3 of the Snake Pit)
 25442 | Snake:3  | Bought a brightly glowing scale mail for 324 gold pieces
 25442 | Snake:3  | Identified the +5 scale mail of Lidoc {Int+2} (You bought
                  | it in a shop on level 3 of the Snake Pit)
 25761 | Snake:3  | Found a shadowy altar of Dithmenos.
 26766 | Snake:3  | Reached skill level 15 in Fighting
 26833 | Snake:4  | Entered Level 4 of the Snake Pit
 27207 | Snake:4  | Noticed a nagaraja
 27213 | Snake:4  | Killed a nagaraja
 27224 | Snake:4  | Noticed a nagaraja
 27405 | Swamp:1  | Entered Level 1 of the Swamp
 27421 | Swamp:1  | Noticed Roxanne
 27439 | Swamp:1  | Killed Roxanne
 27621 | Swamp:1  | Reached skill level 16 in Fighting
 27659 | Swamp:1  | Reached XP level 17. HP: 83/115 MP: 24/24
 28094 | Swamp:1  | Learned a level 4 spell: Passage of Golubria
 28100 | Swamp:1  | Learned a level 5 spell: Yara's Violent Unravelling
 29076 | Swamp:2  | Identified the staff of fire "Yroamare" {rF+ rC+}
 29429 | Swamp:3  | Identified the ring "Idauroux" {+Blink rF+++ rC- SInv
                  | Stlth-}
 29509 | Swamp:3  | Reached skill level 17 in Fighting
 30028 | Swamp:3  | Noticed Bai Suzhen
 30047 | Swamp:3  | Killed Bai Suzhen
 30531 | Swamp:4  | Entered Level 4 of the Swamp
 30813 | Swamp:4  | Reached skill level 5 in Translocations
 31430 | Swamp:4  | Reached XP level 18. HP: 124/124 MP: 16/27
 31476 | Swamp:4  | Reached skill level 18 in Fighting
 31834 | Swamp:4  | Got a decaying rune of Zot
 32405 | Snake:4  | Reached skill level 19 in Fighting
 32473 | Snake:4  | Noticed Vashnia
 32694 | Snake:4  | Killed Vashnia
 33414 | Snake:4  | Reached skill level 20 in Fighting
 33876 | Snake:4  | Got a serpentine rune of Zot
 34340 | Elf:1    | Entered Level 1 of the Elven Halls
 34841 | Elf:1    | Reached XP level 19. HP: 124/136 MP: 25/28
 34959 | Elf:1    | Reached skill level 21 in Fighting
 35024 | Elf:1    | Got the Guide on Striking
 35328 | Elf:1    | Found Asufab's Book Shop.
 35340 | Elf:1    | Paralysed by an air elemental for 1 turns
 36615 | D:14     | Found a corrupted altar of Lugonu.
 36629 | D:14     | Got Lugonu's Disquisition on Hypothermia
 36720 | D:14     | Noticed Nessos
 36720 | D:14     | Noticed Louise
 36727 | Abyss:2  | Cast into level 2 of the Abyss (Louise)
 37086 | Abyss:3  | Gained mutation: Your magical capacity is low. (-10% MP) [a
                  | neqoxec]
 37123 | Abyss:3  | Gained mutation: You occasionally shout uncontrollably at
                  | your foes. [a neqoxec]
 37126 | Abyss:3  | Gained mutation: You frequently scream uncontrollably at
                  | your foes. [a neqoxec]
 37175 | Abyss:3  | Got an abyssal rune of Zot
 37193 | D:14     | Escaped the Abyss
 37204 | D:14     | Killed Louise
 37227 | D:14     | Killed Nessos
 37228 | D:14     | Reached skill level 22 in Fighting
 37821 | D:14     | Found a gate to the Vaults.
 37997 | D:15     | Entered Level 15 of the Dungeon
 38060 | D:15     | Found a runed translucent gate.
 38061 | D:15     | Found a runed translucent gate.
 38062 | D:15     | Found a runed translucent gate.
 38063 | D:15     | Noticed ZLogic's ghost (journeyman SpEn)
 38063 | D:15     | Found the +1 cloak of Starlight {*Dazzle EV+4 Stlth--}
 38105 | D:15     | Killed ZLogic's ghost
 38557 | D:15     | Lost mutation: Your magical capacity is low. (-10% MP)
                  | [potion of mutation]
 38557 | D:15     | Lost mutation: You frequently scream uncontrollably at your
                  | foes. [potion of mutation]
 38557 | D:15     | Lost mutation: You occasionally shout uncontrollably at
                  | your foes. [potion of mutation]
 38557 | D:15     | Gained mutation: You are weak. (Str -2) [potion of
                  | mutation]
 38557 | D:15     | Gained mutation: You do not regenerate when monsters are
                  | visible. [potion of mutation]
 38558 | D:15     | Lost mutation: You are weak. (Str -2) [potion of mutation]
 38558 | D:15     | Lost mutation: You do not regenerate when monsters are
                  | visible. [potion of mutation]
 38558 | D:15     | Gained mutation: Your body sometimes deteriorates upon
                  | taking damage. [potion of mutation]
 38570 | Abyss:3  | Cast into level 3 of the Abyss (a wizard)
 38571 | Abyss:3  | Found a corrupted altar of Lugonu.
 38577 | D:15     | Escaped the Abyss
 38800 | D:15     | Found a staircase to the Depths.
 39036 | D:15     | Found a shimmering altar of Xom.
 39221 | Depths:1 | Entered Level 1 of the Depths
 39492 | Vaults:1 | Entered Level 1 of the Vaults
 39631 | D:14     | Bought the +3 pair of mountain boots {steadfast, rC+} for
                  | 435 gold pieces
 39631 | D:14     | Found the +3 pair of mountain boots {steadfast, rC+}
 39816 | Vaults:1 | Reached XP level 20. HP: 147/147 MP: 23/29
 40064 | Vaults:1 | Identified the +3 scale mail "Potzew" {Will+ Regen+ Int+3}
 40179 | Vaults:1 | Reached skill level 23 in Fighting
 41520 | Vaults:2 | Found a magical portal.
 41536 | WizLab   | Entered Tukima's Studio
 41694 | WizLab   | Identified the +5 longbow of Light {speed, rCorr Str+3
                  | Stlth+}
 41959 | WizLab   | Noticed monsoonserge's illusion
 41987 | WizLab   | Identified the +1 triple crossbow "Rochum" {speed, Stlth+}
 42030 | WizLab   | Identified the +1 hat "Zeotex" {Str+2 Dex+3 Stlth+}
 42181 | Vaults:2 | Found the amulet of Elemental Vulnerability {rPois rF--
                  | rC-- AC+8}
 42558 | Vaults:2 | Found Kiqauwam's Assorted Antiques.
 42790 | Vaults:2 | Reached skill level 24 in Fighting
 43019 | Vaults:2 | Noticed Asterion
 43038 | Vaults:2 | Killed Asterion
 43039 | Vaults:2 | Reached XP level 21. HP: 147/156 MP: 25/31
 43619 | Vaults:2 | Found a staircase to the Crypt.
 44422 | Vaults:3 | Found Tuqairou's Distillery.
 44444 | Vaults:3 | Learned a level 4 spell: Cause Fear
 44729 | Vaults:3 | Reached skill level 25 in Fighting
 45465 | Vaults:3 | Reached skill level 10 in Dodging
 45520 | Abyss:3  | Cast into level 3 of the Abyss (a deep elf sorcerer)
 45595 | Vaults:3 | Escaped the Abyss
 45753 | Vaults:3 | Learned a level 4 spell: Anguish
 45761 | Vaults:3 | Learned a level 5 spell: Borgnjor's Vile Clutch
 46865 | Vaults:4 | Reached skill level 1 in Necromancy
 47254 | Vaults:4 | Reached skill level 26 in Fighting
 47325 | Vaults:4 | Reached XP level 22. HP: 161/166 MP: 32/32
 47352 | Vaults:4 | Acquired 984 gold pieces
 47655 | Vaults:4 | Reached skill level 10 in Hexes
 47907 | Crypt:1  | Entered Level 1 of the Crypt
 48175 | Crypt:1  | Noticed Margery
 48219 | Crypt:1  | Killed Margery
 48487 | D:13     | You paid a toll of +3 shadow dragon scales to enter a
                  | treasure trove
 48488 | Trove    | Entered a treasure trove
 48500 | Trove    | Identified the +0 longbow of Gehenna {freeze, rCorr Int-2
                  | Dex+5}
 48502 | Trove    | Identified the amulet "Saxig" {Regen+ Str+2}
 48510 | Trove    | Identified the ring of Uzi Xiot {Ice Str+3 Int+2}
 48514 | Trove    | Identified the ring "Milyoboo" {Ice Str+2}
 49209 | Crypt:1  | Paralysed by a vampire knight for 5 turns
 49430 | Crypt:1  | Found a basalt altar of Yredelemnul.
 50242 | Crypt:1  | Learned a level 5 spell: Silence
 50874 | Crypt:2  | Reached skill level 1 in Air Magic
 51730 | Elf:2    | Paralysed by an air elemental for 1 turns
 51964 | Elf:2    | Reached skill level 27 in Fighting
 52431 | Elf:1    | Found a shimmering blue altar of Sif Muna.
 52645 | Elf:2    | Found a runed translucent gate.
 52647 | Elf:2    | Found a runed translucent gate.
 52647 | Elf:2    | Found a runed translucent gate.
 52737 | Elf:2    | Noticed Donald
 52797 | Elf:3    | Entered Level 3 of the Elven Halls
 53129 | Elf:3    | Reached XP level 23. HP: 175/175 MP: 35/35
 53251 | Elf:3    | Found Fopnunank's Jewellery Emporium.
 53252 | Elf:3    | Found Linuet's Book Shop.
 53252 | Elf:3    | Found Wellop's Book Shop.
 53525 | Elf:3    | Reached skill level 10 in Earth Magic
 53538 | Elf:3    | Reached skill level 5 in Necromancy
 53962 | Elf:3    | Identified the +3 mace of Nog Pate {antimagic, Fly Str+3
                  | Dex+2}
 54011 | Elf:3    | Identified the ring of Oregeseth {Fly Dex+6}
 54045 | Elf:3    | Got Huclih's Tome of Jinxing
 54046 | Elf:3    | Identified the +0 morningstar "Uwuteow" {freeze, Str-2
                  | Int+4}
 54064 | Elf:3    | Identified the +0 chain mail of Follow the Leader {Int+9
                  | SInv}
 54068 | Elf:3    | Got Mudanu's Quarto of Damage
 54076 | Elf:3    | Got the Codex of Diablerie
 54081 | Elf:3    | Identified the +9 arbalest of the Wizarding Gnat {speed,
                  | rElec rPois rF- Str+8}
 54089 | Elf:3    | Identified the +8 falchion of Peace {freeze, rPois rC+
                  | Dex+2}
 54104 | Elf:3    | Identified the staff of earth "Egym" {Fragile rPois rCorr
                  | Stlth+}
 54105 | Elf:3    | Identified the scarf of Baldness {harm, rElec Regen+}
 54114 | Elf:3    | Identified the +2 scimitar of Jumamim {freeze, rF+ Will+}
 54878 | Elf:2    | Reached skill level 10 in Spellcasting
 54887 | Elf:2    | Killed Donald
 55607 | D:14     | Bought a pair of faintly glowing gloves for 304 gold pieces
 55607 | D:14     | Identified the +1 pair of gloves "Bear" {Dex+3 Slay+2} (You
                  | bought it in a shop on level 14 of the Dungeon)
 55626 | D:14     | Bought a heavily runed plate armour for 896 gold pieces
 55626 | D:14     | Identified the +9 plate armour of Greed {+Blink Int-5 Dex+4
                  | SInv} (You bought it in a shop on level 14 of the Dungeon)
 55814 | Vaults:5 | Entered Level 5 of the Vaults
 55895 | Vaults:5 | Noticed Boris
 56203 | Vaults:4 | Killed Boris
 56371 | Vaults:5 | Noticed Frederick
 56415 | Vaults:4 | Reached skill level 5 in Air Magic
 56730 | Vaults:4 | Killed Frederick
 56900 | Vaults:5 | Identified the staff of earth "Faofuc" {Fragile +Blink
                  | Str+3 Dex+7}
 56900 | Vaults:5 | Identified the ring "Gocidob" {rElec rC- rCorr Str+5}
 57080 | Vaults:5 | Noticed a golden dragon
 57094 | Vaults:5 | Killed a golden dragon
 57097 | Vaults:5 | Noticed a golden dragon
 57108 | Vaults:5 | Killed a golden dragon
 57109 | Vaults:5 | Reached XP level 24. HP: 174/181 MP: 37/37
 57149 | Vaults:5 | Noticed Sojobo
 57153 | Vaults:5 | Killed Sojobo
 57290 | Vaults:5 | Got a silver rune of Zot
 57513 | Vaults:5 | Identified the ring of Velam {Fly Dex+6 Stlth+}
 57669 | Vaults:5 | Identified the staff of poison "Geogol" {rPois Int+4}
 57670 | Vaults:5 | Identified the +2 whip of Frustration {venom, Fragile Fly
                  | Will+++ Int+3}
 57741 | Vaults:5 | Acquired the +8 storm bow {elec, penet}
 57741 | Vaults:5 | Found the +8 storm bow {elec, penet}
 57755 | Vaults:5 | Got the Incunabulum of Free Expression
 57757 | Vaults:5 | Identified the +2 dagger of Analysis {vamp, rElec rF- Int+4
                  | Dex+2}
 57765 | Vaults:5 | Identified the ring "Guiss" {Fire Str+4 Int-4 Dex+6}
 57791 | Vaults:5 | Got the Annotations on Transposed Geology
 57793 | Vaults:5 | Identified the +1 robe "Gigicloq" {Will- rCorr Str+3 Int+5
                  | Dex+3}
 57986 | Vaults:5 | Reached skill level 1 in Throwing
 58023 | Vaults:5 | Got the Secrets of Damage
 58027 | Vaults:5 | Got Wiegruc's Almanac of Amassed Conduction
 58079 | Vaults:5 | Noticed Mara
 58089 | Vaults:5 | Noticed monsoonserge's illusion
 58107 | Vaults:5 | Killed Mara
 58824 | Crypt:3  | Entered Level 3 of the Crypt
 58874 | Crypt:3  | Found a basalt altar of Yredelemnul.
 59333 | Crypt:3  | Identified the +0 scale mail "Astrefaro" {Fly rElec Str-5
                  | Stlth+}
 59611 | Crypt:3  | Found a staircase to the Tomb.
 60185 | Crypt:3  | Noticed a curse toe
 60211 | Crypt:3  | Killed a curse toe
 60217 | Crypt:3  | Noticed Boris
 60228 | Crypt:3  | Killed Boris
 60357 | Crypt:3  | Found an ancient bone altar of Kikubaaqudgha.
 60360 | Crypt:3  | Found a basalt altar of Yredelemnul.
 60403 | Crypt:3  | Got the Grimoire of Aeromancy
 60438 | Crypt:3  | Identified the ring "Cusyt" {*Slow rN+ rCorr Dex+3}
 60438 | Crypt:3  | Identified the ring "Ahiat" {rN+ rCorr Stlth+}
 60644 | Tomb:1   | Entered Level 1 of the Tomb of the Ancients
 60833 | Tomb:1   | Paralysed by a sphinx for 2 turns
 60849 | Tomb:1   | Paralysed by a sphinx for 5 turns
 61170 | Tomb:1   | Reached XP level 25. HP: 187/187 MP: 38/38
 61409 | Tomb:1   | Noticed a royal mummy
 61412 | Tomb:1   | Noticed a royal mummy
 61415 | Tomb:1   | Noticed a royal mummy
 61417 | Tomb:1   | Noticed a royal mummy
 61435 | Tomb:1   | Killed a royal mummy
 61439 | Tomb:1   | Killed a royal mummy
 61448 | Tomb:1   | Killed a royal mummy
 61459 | Tomb:1   | Killed a royal mummy
 62652 | Depths:1 | Found a one-way gateway to a ziggurat.
 62792 | D:15     | Bought a spiked leather armour for 126 gold pieces
 62792 | D:15     | Identified the +1 leather armour "Ufeskom" {Fly rCorr
                  | Stlth+} (You bought it in a shop on level 15 of the
                  | Dungeon)
 62919 | Depths:1 | Found a stormy altar of Qazlal.
 62948 | Depths:1 | Found Ulec's Weapon Shop.
 63185 | Depths:1 | Reached skill level 15 in Dodging
 63681 | Depths:1 | Identified the staff of cold "Roytecic" {rF+ rC+ Dex+3
                  | SInv}
 63694 | Depths:1 | Identified the staff of air "Migor" {rElec Int+3}
 64202 | Depths:2 | Reached skill level 10 in Stealth
 64283 | Depths:2 | Learned a level 2 spell: Blink
 64396 | Depths:2 | Found a one-way gate leading to the halls of Pandemonium.
 65119 | Depths:2 | Reached XP level 26. HP: 193/193 MP: 38/38
 65172 | Depths:2 | Noticed a juggernaut
 65197 | Depths:2 | Killed a juggernaut
 65564 | Depths:3 | Found a one-way gate to the infinite horrors of the Abyss.
 65740 | Depths:3 | Identified the +0 quarterstaff "Omengogh" {protect, Int+3}
 66537 | Depths:3 | Found an iron altar of Okawaru.
 66918 | Depths:4 | Entered Level 4 of the Depths
 66976 | Depths:4 | Noticed a juggernaut
 67528 | Depths:4 | Killed a juggernaut
 67556 | Depths:4 | Noticed a juggernaut
 67572 | Depths:4 | Killed a juggernaut
 67659 | Depths:4 | Acquired 694 gold pieces
 67716 | Depths:3 | Identified the +6 quarterstaff of Demonkind {heavy, Str+6
                  | Dex-4}
 68078 | Depths:4 | Found a gate to the Realm of Zot.
 68174 | Depths:4 | Noticed the Enchantress
 68197 | Depths:4 | Killed the Enchantress
 68557 | Zot:1    | Entered Level 1 of the Realm of Zot
 69056 | Vaults:5 | Learned a level 7 spell: Enfeeble
 69452 | Lair:5   | Killed jpeg9000's ghost
 69621 | Slime:1  | Entered Level 1 of the Pits of Slime
 69996 | Slime:1  | Reached XP level 27. HP: 173/199 MP: 33/38
 70044 | Slime:1  | Learned a level 6 spell: Death Channel
 71316 | Slime:3  | Gained mutation: You are clumsy. (Dex -2) [a shining eye]
 71646 | Slime:3  | Gained mutation: Your spells are a little easier to cast,
                  | but a little less powerful. [a shining eye]
 72272 | Slime:4  | Gained mutation: You are robust. (+10% HP) [a shining eye]
 72275 | Slime:4  | Gained mutation: Your spells are easier to cast, but less
                  | powerful. [a shining eye]
 72278 | Slime:4  | Lost mutation: You are robust. (+10% HP) [a shining eye]
 72592 | Slime:4  | Lost mutation: Your spells are easier to cast, but less
                  | powerful. [potion of mutation]
 72592 | Slime:4  | Lost mutation: Your spells are a little easier to cast, but
                  | a little less powerful. [potion of mutation]
 72592 | Slime:4  | Gained mutation: You are weak. (Str -2) [potion of
                  | mutation]
 72592 | Slime:4  | Gained mutation: You are occasionally teleported next to
                  | monsters. [potion of mutation]
 72592 | Slime:4  | Gained mutation: You are partially covered in iridescent
                  | scales. (AC +2) [potion of mutation]
 72593 | Slime:4  | Lost mutation: Your body sometimes deteriorates upon taking
                  | damage. [potion of mutation]
 72593 | Slime:4  | Lost mutation: You are partially covered in iridescent
                  | scales. (AC +2) [potion of mutation]
 72593 | Slime:4  | Lost mutation: You are weak. (Str -2) [potion of mutation]
 72593 | Slime:4  | Gained mutation: You are partially covered in iridescent
                  | scales. (AC +2) [potion of mutation]
 72593 | Slime:4  | Gained mutation: Your natural rate of healing is unusually
                  | fast. [potion of mutation]
 72594 | Slime:4  | Lost mutation: Your natural rate of healing is unusually
                  | fast. [potion of mutation]
 72594 | Slime:4  | Lost mutation: You are occasionally teleported next to
                  | monsters. [potion of mutation]
 72594 | Slime:4  | Gained mutation: You have very sharp teeth. [potion of
                  | mutation]
 72594 | Slime:4  | Gained mutation: You have a pair of small horns on your
                  | head. [potion of mutation]
 72594 | Slime:4  | Gained mutation: Potions are less effective at restoring
                  | your health. [potion of mutation]
 72598 | Slime:5  | Entered Level 5 of the Pits of Slime
 72978 | Slime:5  | Noticed the Royal Jelly
 73018 | Slime:5  | Killed the Royal Jelly
 73216 | Slime:5  | Identified the staff of conjuration "Usekuwki" {rPois}
 73256 | Slime:5  | Identified the ring "Xexevosm" {rCorr AC+4}
 73263 | Slime:5  | Identified the staff of poison "Cezalux" {rPois rCorr}
 73266 | Slime:5  | Identified the +5 dagger "Fioll" {flame, rN+ Str+3 Int+3}
 73275 | Slime:5  | Identified the amulet "Gaxoettu" {Reflect rN+ Int-2 Slay+2
                  | SH+5}
 73314 | Slime:5  | Identified the staff of conjuration "Iwnuhaat" {Fly rPois
                  | Will+}
 73328 | Slime:5  | Got a slimy rune of Zot
 73662 | D:9      | Lost mutation: You are clumsy. (Dex -2) [potion of
                  | mutation]
 73662 | D:9      | Lost mutation: Potions are less effective at restoring your
                  | health. [potion of mutation]
 73662 | D:9      | Gained mutation: You are strong-willed. (Will+) [potion of
                  | mutation]
 73833 | Hell     | Entered the Vestibule of Hell
 73833 | Hell     | Noticed Geryon
 73855 | Hell     | Killed Geryon
 74271 | Hell     | Noticed a dread lich
 74303 | Hell     | Killed a dread lich
 74408 | Hell     | Found a gateway to the decaying netherworld of Tartarus.
 74548 | Hell     | Found a gateway to the ashen valley of Gehenna.
 74557 | Hell     | Found a gateway to the Iron City of Dis.
 74725 | Hell     | Found a gateway to the freezing wastes of Cocytus.
 75389 | Zot:1    | Reached skill level 10 in Evocations
 75768 | Zot:1    | Got the Parchment of Variation
 76546 | Zot:2    | Noticed an orb of fire
 76558 | Zot:2    | Gained mutation: You are weak. (Str -2) [an orb of fire]
 76573 | Zot:2    | Killed an orb of fire
 76887 | Zot:2    | Noticed Parghit
 76915 | Zot:2    | Killed Parghit
 77725 | Zot:2    | Noticed an orb of fire
 77739 | Zot:2    | Gained mutation: You sometimes lose your temper in combat.
                  | [an orb of fire]
 77742 | Zot:2    | Gained mutation: You are dopey. (Int -2) [an orb of fire]
 77750 | Zot:2    | Killed an orb of fire
 79858 | Zot:4    | Reached skill level 10 in Necromancy
 80639 | Zot:5    | Entered Level 5 of the Realm of Zot
 81079 | Zot:5    | Noticed an orb of fire
 81091 | Zot:5    | Noticed an ancient lich
 81096 | Zot:5    | Noticed an orb of fire
 81100 | Zot:5    | Gained mutation: Armour fits poorly on your strangely
                  | shaped body. [an orb of fire]
 81398 | Zot:5    | Killed an orb of fire
 81409 | Zot:5    | Killed an ancient lich
 81775 | Zot:5    | Got the Orb of Zot
 81810 | Zot:5    | Killed an ancient lich
 81988 | Depths:2 | Noticed Deosobi the pandemonium lord
 82163 | D:14     | Noticed Boris
 82408 | D:$      | Escaped with the Orb!

Illustrated notes

Levels and vault maps discovered:
D:1:      onia_arrival_pyramid, layout_loops_cross, serial_shops,
          nicolae_shop_window_shopping, minmay_misc_feat_secret_circle
D:2:      layout_basic, shapermc_ecumenical_altar_rom_forum, serial_shops, shop
D:3:      layout_basic, portal_sewer_entry_d
D:4:      layout_basic, mainiacjoe_overflow_brackets, serial_shops, shop,
          kennysheep_pointless_box
D:5:      layout_rooms, nicolae_gozag_cash_rules_everything_around_me,
          serial_curves, eino_curves_03, eino_curves_02,
          minmay_misc_feat_columns, nicolae_wooded_promenade, solitary_fountain,
          uniq_ijyb
D:6:      layout_loops_ring, temple_doors_e, serial_bayou, serial_bayou_pond_a,
          serial_bayou_pond_b, serial_bayou_shore_a, serial_bayou_pond_d,
          st_stairs_6
D:7:      nicolae_whirlpool, layout_layer_cave
D:8:      layout_gridville
D:9:      layout_loops_ring, dpeg_lair_monsters, serial_demonic,
          serial_demonic_c, serial_demonic_c, serial_demonic_b,
          serial_demonic_b, serial_demonic_g, serial_demonic_f,
          serial_demonic_c, serial_demonic_c, nicolae_sextant
D:10:     layout_loops_ring, lemuel_coloured_pillars_altar
D:11:     layout_roguey [special_room_kobold], roderic_lattice_a
D:12:     layout_cave_pods, david_orc_5, nicolae_ashenzari_skybound
D:13:     layout_layer_cave, enter_trove_0, uniq_lodul
D:14:     layout_rooms, ximxim_vaults_locker_room, serial_glass,
          glass_columns_a, glass_columns_a, tgw_lugonu_bribe, uniq_nessos,
          uniq_louise
D:15:     hangedman_depths_entry_try_elsewhere_first, layout_stronghold,
          ebering_ghost_rock_garden, chequers_serial_rivers_micro_d, tgw_xom
Temple:   compressed_dpeg_triangle_lava_temple
Lair:1:   layout_layer_cave, grunt_megastairs_2
Lair:2:   layout_big_grid, nicolae_swamp_entry_splash_gauntlet, uniq_urug
Lair:3:   layout_cave_pods, nicolae_snake_entry_warm_welcome,
          grunt_forest_stairs_basic, beast_lair_carwin_2
Lair:4:   layout_layer_cave, slime_entry_1, basic_altar, st_stairs_6,
          serial_bayou_pond_b, grunt_megastairs_5, lemuel_fruit_fields
Lair:5:   evil_forest, layout_regular_city, gammafunk_ghost_ooze,
          chequers_serial_rivers_large_b, grunt_forest_small_clearing_treed
Swamp:1:  layout_basic_swamp, hangedman_swamp_ruin_wall,
          infiniplex_staircase_pool_2, uniq_roxanne
Swamp:2:  layout_falls_marsh, nicolae_swamp_tree_isthmus, swamp_pool3,
          worms_lemuel
Swamp:3:  layout_basic_swamp, nicolae_swamp_round_clearing, uniq_bai_suzhen
Swamp:4:  swamp_alternative, layout_basic_swamp, swamp_pool4
Snake:1:  layout_chambers, serial_shops, nicolae_shop_back_alley_shop
Snake:2:  cheibrodos_forgotten_conduit, layout_honeycomb, serial_shops,
          nicolae_shop_just_a_little_nook, nicolae_snake_gridmaze_zigzag,
          drop_trap
Snake:3:  kennysheep_six_static_rooms, layout_grid_maze, serial_shops, shop,
          basic_altar
Snake:4:  snake_pit, layout_basic, serial_bayou_pond_d,
          nrook_guardian_serpent_ordinary, uniq_vashnia
Slime:1:  cheibrodos_slime_lost_civilization_10, layout_caves,
          nicolae_slime_phagocytosis
Slime:2:  layout_caves
Slime:3:  layout_caves
Slime:4:  layout_caves
Slime:5
Orc:1:    layout_caves, basic_altar, portal_ice_cave_entry_pillars_1,
          nicolae_orc_rockfall, nicolae_orc_bridge_out, uniq_josephine,
          uniq_snorg, uniq_nergalle
Orc:2:    grunt_orc_cross, layout_caves, ebering_ghost_xom
Elf:1:    eino_elf_arrival_the_gate, layout_loops_corners, serial_shops,
          nicolae_shop_getting_attention, minmay_elf_annihilation,
          einodemon_crawler_minivault, lemuel_upstairs_altar
Elf:2:    nicolae_elf_blades_crystal_corner, layout_loops_corners,
          onia_ninara_cookie, uniq_donald
Elf:3:    grunt_elf_hall_asides, layout_loops_corners, minmay_shop_grove,
          grunt_megastairs_3
Vaults:1: hangedman_vaults_stretched_pinwheel, v_alt_pattern_2, v_rooms_5,
          nicolae_vaults_storage_closets_3, v_misc_4,
          nicolae_vaults_closet_pinwheel_1, nicolae_vaults_closet_pinwheel_3,
          nicolae_vaults_tetromino_Z_2, nicolae_vaults_offset_grid_hallway_1,
          nicolae_vaults_two_Ls, layout_vaults_big_room
Vaults:2: infiniplex_enter_wizlab_spiral, minmay_crypt_entry_simple_walls,
          nicolae_vaults_puzzle_piece, vaults_dpeg_cross,
          ontoclasm_vaults_idyll, nicolae_vaults_back_hallway,
          nicolae_vaults_surprise_closet_hard, ontoclasm_vaults_idyll,
          nicolae_vaults_six-pack, v_alt_pattern_5, hangedman_vaults_capsules,
          vaults_room_door_hall, ontoclasm_vaults_decontamination,
          nicolae_vaults_yaktaur_gun_rack, nicolae_vaults_offset_grid_hallway_3,
          layout_vaults_maze, serial_shops, nicolae_shop_tiny_waterfront,
          uniq_saint_roka, uniq_asterion
Vaults:3: nicolae_vaults_sealed_display, vaults_room_fours, st_greater_box_5,
          nicolae_vaults_tetromino_T_1, vaults_mumra_minichess,
          hangedman_vaults_restitches, nicolae_vaults_little_squares_3,
          ontoclasm_vaults_bender, nicolae_vaults_steering_wheel, v_misc_5,
          nicolae_vaults_tangram_2, layout_vaults_omnicross, serial_shops, shop
Vaults:4: nicolae_vaults_specimen_jars, nicolae_vaults_rhombus_7,
          nicolae_vaults_two_Ls, nicolae_vaults_trapezoid_1,
          vaults_room_door_ring, nicolae_vaults_gold_heap,
          hangedman_vaults_trim, vaults_room_pool, layout_vaults_omnigrid
Vaults:5: uniq_boris, uniq_frederick, uniq_sojobo, uniq_mara
Crypt:1:  layout_misc_corridors, lemuel_hellish_altar,
          grunt_crypt_arrival_guarded_gate, uniq_margery
Crypt:2:  layout_gridlike, nicolae_crypt_soggy_tomb
Crypt:3:  lightli_unholy_cathedral, layout_chaotic_city,
          tomb_entry_shell_bobbens, basic_altar, grunt_ministairs_4
Tomb:1
Depths:1: minmay_nine_rooms, layout_basic, enter_ziggurat_f, grunt_metal_band,
          serial_shops, nicolae_shop_behind_doors,
          nicolae_qazlal_style_of_elements
Depths:2: minmay_quantized_circle, layout_gridlike, pf_coc_iceberg,
          nrook_campfire, rand_demon_pan_entry_3, grunt_megastairs_4,
          uniq_josephina
Depths:3: minmay_inner_zag, layout_honeycomb,
          nicolae_abyss_entry_one_way_or_another, pf_hell_entry_tar_spiral,
          okawaru_trees_2, eino_tiny_chamber, firewood_loft
Depths:4: grunt_zot_entry_funnels, layout_cave_pools, abyss_entry_crystal,
          hell_entry, hangedman_abyss_or_decor_slice, uniq_enchantress
Hell
Zot:1:    layout_cathedral_of_symmetry
Zot:2:    lemuel_firehouse, layout_onion, uniq_parghit
Zot:3:    layout_gridlike
Zot:4:    layout_gridlike
Zot:5:    layout_misc_corridors

Skill      XL: |  1  2  3  4  5  6  7  8  9 10 11 12 13 14 15 16 17 18 19 20 21 22 23 24 25 26 27 |
---------------+----------------------------------------------------------------------------------+-----
Earth Magic    | 4 5 6 7 8 9 10 11 12 | 12.0
Dodging        | 2 3 4 5 6 7 8 9 10 12 13 17 18 20 | 20.1
Armour         | 1 2 3 5 6 7 8 |  8.0
Conjurations   | 1 |  1.7
Spellcasting   | 3 4 5 6 7 8 10 11 14 | 14.0
Fighting       | 1 3 4 5 6 7 9 13 16 17 20 22 24 26 27 | 27.0
Maces & Flails | 1 |  1.0
Stealth        | 3 4 5 6 8 9 10 11 | 11.9
Ranged Weapons | 4 8 11 13 15 16 18 19 | 19.3
Hexes          | 1 3 4 5 7 8 9 10 11 14 | 14.1
Transmutations | 2 3 4 5 6 7 8 |  8.8
Translocations | 1 2 4 5 6 7 8 |  8.0
Evocations     | 2 5 7 8 9 11 | 11.8
Necromancy     | 1 4 5 6 7 10 | 10.4
Air Magic      | 2 5 6 |  6.4
Throwing       | 4 |  4.0

Action                     |  1- 3 |  4- 6 |  7- 9 | 10-12 | 13-15 | 16-18 | 19-21 | 22-24 | 25-27 || total
---------------------------+-------+-------+-------+-------+-------+-------+-------+-------+-------++-------
  Melee: Unarmed           |     8 |       |     6 |       |       |       |       |       |       ||    14
         Mace              |     4 |     7 |     3 |       |       |       |       |       |       ||    14
         Longbow           |       |       |       |     3 |     1 |       |       |       |     3 ||     7
   Fire: Shortbow          |       |       |    30 |       |       |       |       |       |       ||    30
         Longbow           |       |       |   129 |   647 |  1431 |  1715 |  2342 |  2362 |  3859 || 12485
   Cast: Sandblast         |    49 |    37 |    88 |       |       |     3 |       |       |       ||   177
         Leda's Liquefacti |       |       |       |    13 |    18 |    23 |    40 |    47 |    47 ||   188
         Petrify           |       |       |       |       |     2 |       |       |       |       ||     2
         Portal Projectile |       |       |       |       |     1 |       |       |     1 |       ||     2
         Yara's Violent Un |       |       |       |       |       |    13 |    16 |    14 |    15 ||    58
         Passage of Golubr |       |       |       |       |       |     3 |     1 |       |       ||     4
         Anguish           |       |       |       |       |       |       |       |     3 |       ||     3
         Borgnjor's Vile C |       |       |       |       |       |       |       |     3 |     4 ||     7
         Cause Fear        |       |       |       |       |       |       |       |     3 |     2 ||     5
         Silence           |       |       |       |       |       |       |       |     1 |     1 ||     2
         Blink             |       |       |       |       |       |       |       |       |    14 ||    14
         Death Channel     |       |       |       |       |       |       |       |       |    22 ||    22
         Enfeeble          |       |       |       |       |       |       |       |       |     5 ||     5
 Invoke: Call Merchant     |       |       |       |     1 |     3 |       |     4 |     1 |     1 ||    10
         Bribe Branch      |       |       |       |       |       |       |       |     1 |     1 ||     2
  Evoke: Wand              |       |       |       |       |     1 |       |     1 |       |     3 ||     5
         Condenser vane    |       |       |       |       |       |       |       |       |     1 ||     1
         Lightning rod     |       |       |       |       |       |       |       |       |     4 ||     4
         Phantom mirror    |       |       |       |       |       |       |       |       |     2 ||     2
    Use: Scroll            |       |     5 |     7 |     9 |     7 |     9 |     4 |     6 |     7 ||    54
         Potion            |       |       |       |     2 |     1 |     1 |     5 |     1 |     8 ||    18
   Stab: Confused          |       |       |     1 |       |       |       |       |       |       ||     1
 Armour: Robe              |     2 |       |       |       |       |       |       |       |       ||     2
         Leather armour    |     4 |     6 |     2 |       |    14 |       |       |       |       ||    26
         Ring mail         |       |       |    71 |   107 |    58 |       |       |       |       ||   236
         Skin              |       |       |     2 |       |       |       |       |       |       ||     2
         Steam dragon scal |       |       |       |       |    63 |       |       |       |       ||    63
         Animal skin       |       |       |       |       |    25 |   270 |   155 |   209 |   289 ||   948
  Dodge: Dodged            |    23 |    24 |    82 |   120 |   170 |   299 |   450 |   704 |  1194 ||  3066
         Repelled          |       |       |       |     1 |       |       |       |       |       ||     1
